 Dungeon Crawl Stone Soup version 0.30-a0-845-g7c6808c8ce (webtiles) character file.

Game seed: 1568842370817655273

352 demibob the Cutter (level 6, -10/41 HPs)
             Began as a Demonspawn Wanderer on Mar 2, 2023.
             Killed from afar by a steam dragon (13 damage)
             ... with a ball of steam
             ... on level 4 of the Dungeon.
             The game lasted 00:03:47 (2647 turns).

demibob the Cutter (Demonspawn Wanderer)            Turns: 2647, Time: 00:03:48

Health: -10/41     AC:  3    Str: 13    XL:     6   Next: 35%
Magic:  7/7        EV: 11    Int: 16    God:
Gold:   57         SH:  0    Dex: 11    Spells: 7/7 levels left

rFire   . . .      SeeInvis .    a - +0 rapier
rCold   . . .      Faith    .    (no shield)
rNeg    . . .      Spirit   .    d - +0 robe
rPois   .          Reflect  .    (no helmet)
rElec   .          Rampage  .    (no cloak)
rCorr   .                        (no gloves)
Will    .....                    g - +0 pair of boots
Stlth   +                        f - amulet of regeneration
HPRegen 1.06/turn                Y - +4 ring of slaying
MPRegen 0.10/turn                (no ring)

@: hasted, very quick
A: sturdy frame 1
a: no special abilities


You were on level 4 of the Dungeon.
You visited 1 branch of the dungeon, and saw 4 of its levels.

You collected 57 gold pieces.


Innate Abilities, Weirdness & Mutations

Your movements are slightly less encumbered by armour. (ER -2)


   Skills:
 + Level 5.8 Short Blades
 - Level 1.7 Throwing
 - Level 1.0 Spellcasting
 - Level 1.0 Summonings
 - Level 4.5 Air Magic
 - Level 1.0 Evocations


You had 7 spell levels left.
You didn't know any spells.
Your spell library contained the following spells:

 Spells                   Type           Power      Damage    Failure   Level
 Shock                    Conj/Air       32%        1d5       9%          1
 Poisonous Vapours        Pois/Air       16%        N/A       14%         2
 Summon Small Mammal      Summ           16%        N/A       16%         1
 Cigotuvi's Dreadful Rot  Necr/Pois/Air  10%        N/A       19%         2
 Vhi's Electric Charge    Tloc/Air       16%        N/A       26%         3
 Mephitic Cloud           Conj/Pois/Air  5%         N/A       36%         3
 Summon Guardian Golem    Hex/Summ       2%         N/A       50%         3
 Frozen Ramparts          Ice            0%         1d1       56%         3
 Summon Ice Beast         Ice/Summ       2%         N/A       88%         4
 Ice Form                 Ice/Tmut       0%         N/A       92%         4

Inventory:

Hand Weapons
 a - a +0 rapier (weapon)
 e - a +0 dagger
Missiles
 b - 8 boomerangs (quivered)
Armour
 d - a +0 robe (worn)
 g - a +0 pair of boots (worn)
 o - a +0 cloak
Jewellery
 f - an amulet of regeneration (around neck)
 j - an amulet of magic regeneration
 W - a ring of willpower
 Y - a +4 ring of slaying (left hand)
Scrolls
 c - a scroll of silence {!r}
 h - a scroll of fear
 q - a scroll of identify {@r1}
Potions
 i - 3 potions of flight
 l - a potion of might {unknown}
 m - 2 potions of ambrosia {unknown}
 p - 2 potions of curing {unknown}

Dungeon Overview and Level Annotations

Branches:
Dungeon (4/15)
 Temple: D:4-7

Altars:
Ru

#########
#....§D§## #§§#
#@## ####.#
##.#.## ##.#.#.#
#.######
#..##.#.#.########
#...............#
##########......#
#..........#


You could see a steam dragon (catching breath).


Message History

You puncture the dart slug!
You kill the dart slug!
No target in view!
There is a stone staircase leading up here.
p - 2 coppery potions (gained 1)
You open the door.
There is an open door here.
A sky beast comes into view.
A sky beast is nearby!
Found 13 gold pieces.
A steam dragon comes into view.
The sky beast hits you. The sky beast shocks you.
You miss the sky beast.
The steam dragon hisses angrily.
The sky beast flickers out of sight!
Deactivating autopickup; reactivate with Ctrl-A.
Something hits you but does no damage.
No target in view!
You hit something. Something hits you. Something shocks you.
You closely miss something. Something hits you. Something shocks you.
* * * LOW HITPOINT WARNING * * *
The steam dragon breathes steam at you.
The ball of steam hits something!
The ball of steam hits you!!
* * * LOW HITPOINT WARNING * * *
Reactivating autopickup.
You feel a bit more experienced.
You feel yourself speed up. The steam dragon breathes steam at you.
The ball of steam hits you!
You die...

Skill      XL: |  1  2  3  4 |
---------------+-------------+-----
Short Blades   | 1 2 3 5 |  5.8
Throwing       | |  1.7
Spellcasting   | |  1.0
Summonings     | |  1.0
Air Magic      | |  4.5
Evocations     | |  1.0

Action                     |  1- 3 |  4- 6 || total
---------------------------+-------+-------++-------
  Melee: Dagger            |    66 |       ||    66
         Rapier            |    40 |   151 ||   191
         Punch             |       |     1 ||     1
    Use: Scroll            |     4 |     2 ||     6
         Potion            |       |     2 ||     2
   Stab: Sleeping          |       |     2 ||     2
 Armour: Robe              |    18 |    33 ||    51
  Dodge: Dodged            |    51 |    63 ||   114

Levels and vault maps discovered:
D:1:      lordsloth_arrival_two_stooges, layout_basic
D:2:      layout_loops_cross, uniq_sigmund
D:3:      layout_loops_ring, nicolae_ru_sacrificial_ziggurat
D:4:      kennysheep_goblin_castle, layout_basic, eino_tiny_chamber,
          minmay_small_thing

Notes
Turn   | Place    | Note
-------+----------+-------------------------------------------
     0 | D:1      | demibob the Demonspawn Wanderer began the quest for the
                  | Orb.
     0 | D:1      | demibob set off with the following items: a +0 dagger, 8
                  | boomerangs, a scroll of silence {!r}, a +0 robe; and the
                  | following spells available to memorise: Shock, Summon Small
                  | Mammal, Vhi's Electric Charge, Mephitic Cloud, Summon
                  | Guardian Golem.
     0 | D:1      | Reached XP level 1. HP: 13/13 MP: 2/2
    47 | D:1      | Reached skill level 1 in Short Blades
    86 | D:1      | Gained mutation: Your movements are slightly less
                  | encumbered by armour. (ER -2) [demonic ancestry]
    86 | D:1      | Reached XP level 2. HP: 19/19 MP: 3/3
   229 | D:1      | Reached skill level 2 in Short Blades
   579 | D:1      | Reached XP level 3. HP: 24/24 MP: 4/4
   775 | D:2      | Reached skill level 3 in Short Blades
  1019 | D:2      | Reached XP level 4. HP: 30/30 MP: 5/5
  1039 | D:2      | Noticed Sigmund
  1366 | D:2      | Killed Sigmund
  1367 | D:2      | Reached skill level 5 in Short Blades
  1367 | D:2      | Reached XP level 5. HP: 21/35 MP: 6/6
  1699 | D:3      | Reached XP level 6. HP: 41/41 MP: 7/7
  1701 | D:3      | Found a sacrificial altar of Ru.
  1829 | D:3      | HP: 2/41 [gnoll/+0 spear (8)]
  2640 | D:4      | Noticed a sky beast
  2642 | D:4      | Noticed a steam dragon
  2645 | D:4      | HP: 1/41 [steam dragon/ball of steam (18)]
  2646 | D:4      | Killed a sky beast
  2647 | D:4      | Killed from afar by a steam dragon

Vanquished Creatures
  Sigmund (D:2)
  4 gnolls (D:3)
  4 adders
  A worm (D:2)
  2 dart slugs
  5 orcs (D:3)
  5 bats
  11 endoplasms
  3 giant cockroaches
  3 goblins
  10 hobgoblins
  9 jackals
  9 kobolds
  4 ball pythons
  5 frilled lizards
  8 rats
84 creatures vanquished.

Vanquished Creatures (others)
  A sky beast (D:4)
1 creature vanquished.

Grand Total: 85 creatures vanquished

Table legend: (Time is in decaauts)
 A = Elapsed time spent in this place.
 B = Non-inter-level travel time spent in this place.
 C = Inter-level travel time spent in this place.
 D = Time resting spent in this place.
 E = Time spent auto-exploring this place.
 F = Levels seen in this place.
 G = Mean time per level.
                   A        B        C        D        E       F      G
               +--------+--------+--------+--------+--------+-----+--------+
         Total |   2634 |   2600 |     34 |    411 |   1674 |   4 |  658.5 |
       Dungeon |   2634 |   2600 |     34 |    411 |   1674 |   4 |  658.5 |
               +--------+--------+--------+--------+--------+-----+--------+

Top non-repeatable levels by time:
     D:2: 1015 daAuts
     D:3: 787 daAuts
     D:1: 621 daAuts
     D:4: 209 daAuts

Table legend:
 A = Non-vault XP
 B = Vault XP
 C = Vault XP percentage of total XP
 D = Non-vault monster count
 E = Vault monster count
 F = Vault count percentage of total count
                 A         B        C        D         E       F
            +---------+---------+-------+---------+---------+-------
      Total |     250 |     254 |  50.4 |      83 |       2 |   2.4
            +---------+---------+-------+---------+---------+-------
        D:1 |      42 |       0 |   0.0 |      26 |       0 |   0.0
        D:2 |      70 |     239 |  77.3 |      24 |       1 |   4.0
        D:3 |     131 |       0 |   0.0 |      30 |       0 |   0.0
        D:4 |       7 |      15 |  68.2 |       3 |       1 |  25.0
            +---------+---------+-------+---------+---------+-------
